cohdb
Replays
Latest Replays
All Replays
Popular Replays
Top Player Replays
Match Explorer
How It Works
Community
CoH3 Stats
Reddit
Sign in to upload your games and track your stats! →
Sign in with Steam
Match 20692310
Unlisted
Match 20692310
Overview
Messages
Build Orders
End
Royal Engineer Section
Construct Section Command Post
Infantry Section
Selects Heavy Armor Battlegroup
Infantry Section
Infantry Section
Construct Platoon Command Post
Humber Armored Car
Construct Field Infirmary
Selects Rigorous Vehicle Training
6-pounder Anti-tank Gun Team
Unlock Bishop Self-propelled Artillery
Bishop Self-propelled Artillery
Selects Crusader AA Medium Tank
Crusader AA Medium Tank
Selects Churchill IV Heavy Tank
Churchill IV Heavy Tank
Vickers Machine Gun Team
Churchill IV Heavy Tank
Royal Engineer Section
Construct Company Command Post
Royal Engineer Section
Armored Vehicle Training
Grenade Package
Crusader AA Medium Tank
TetrisRanger
DirtyDan
0
0
Comments
sign in to comment!
No comments posted yet!